 Dungeon Crawl Stone Soup version 0.30-a0-439-g9e77e4d916 (webtiles) character file.

Game seed: 12579285612849281630

230294 cforsyth the Impregnable (level 19, 0/189 HPs)
             Began as a Minotaur Berserker on Dec 10, 2022.
             Was the Champion of Trog.
             Incinerated by a deep elf pyromancer (7 damage)
             ... with a sticky flame
             ... on level 1 of the Elven Halls.
             The game lasted 01:34:56 (37705 turns).

cforsyth the Impregnable (Minotaur Berserker)      Turns: 37705, Time: 01:34:57

Health: 0/189      AC: 31    Str: 28    XL:     19   Next: 12%
Magic:  18/18      EV: 16    Int:  8    God:    Trog [******]
Gold:   3586       SH:  0    Dex: 12    Spells: 18/18 levels left

rFire   . . .      SeeInvis +    J - +9 executioner's axe (vorpal)
rCold   + + .      Faith    .    (shield currently unavailable)
rNeg    + + +      Spirit   .    T - +2 plate armour {rC+}
rPois   +          Reflect  .    O - +1 hat
rElec   .          Harm     .    m - +0 cloak "Burutz" {rN++}
rCorr   +          Rampage  .    f - +1 pair of gloves "Cumuoptosu" {rN+ Will+ rCorr}
Will    ++...                    n - +2 pair of boots
Stlth   ..........               Q - amulet of regeneration
HPRegen 1.31/turn                C - ring of Wuopeq {rPois rC+ Int+4 Dex-2 SInv}
MPRegen 0.16/turn                Z - +4 ring of slaying

@: on fire, glowing, studying Armour
A: horns 2, retaliatory headbutt, thin skeletal structure 1
a: Renounce Religion, Berserk, Trog's Hand, Brothers in Arms


You were on level 1 of the Elven Halls.
You worshipped Trog.
Trog was exalted by your worship.
You visited 6 branches of the dungeon, and saw 29 of its levels.
You also visited: Bailey, Gauntlet and Ice Cave.

You collected 3671 gold pieces.
You spent 85 gold pieces at shops.

Inventory:

Hand Weapons
 w - a +9 vorpal broad axe
 J - a +9 vorpal executioner's axe (weapon)
 L - a +3 vorpal war axe
 R - the +7 battleaxe "Killer Klown's Doom" {antimagic, rF+ rCorr}
   (Trog gifted it to you on level 15 of the Dungeon)

   It reduces the magical energy of the wielder, and disrupts the spells and
   magical abilities of those it strikes.
   Natural abilities and divine invocations are not affected.
   rF:        It protects you from fire.
   rCorr:     It protects you from acid and corrosion.
Missiles
 E - 6 throwing nets (quivered)
Armour
 f - the +1 pair of gloves "Cumuoptosu" (worn) {rN+ Will+ rCorr}
   (You acquired it on level 8 of the Dungeon)

   rN:        It protects you from negative energy.
   rCorr:     It protects you from acid and corrosion.
   Will:      It increases your willpower.
 m - the +0 cloak "Burutz" (worn) {rN++}
   (You found it in a Gauntlet)

   rN:        It greatly protects you from negative energy.
 n - a +2 pair of boots (worn)
 t - a +0 buckler
 v - a +2 chain mail of fire resistance
 M - the +8 ice dragon scales of Dim Light {rF- rC++ Int+4 Slay+3}
   (You found it on level 5 of the Lair of Beasts)

   Int:       It affects your intelligence (+4).
   Slay:      It affects your accuracy & damage with ranged weapons and melee
   (+3).
   rF:        It makes you vulnerable to fire.
   rC:        It greatly protects you from cold.
 O - a +1 hat (worn)
 T - a +2 plate armour of cold resistance (worn)
 X - a +0 kite shield
Jewellery
 z - an amulet of reflection
 A - a ring of fire
 C - the ring of Wuopeq (left hand) {rPois rC+ Int+4 Dex-2 SInv}
   (You found it in a Gauntlet)

   [ring of poison resistance]

   Int:       It affects your intelligence (+4).
   Dex:       It affects your dexterity (-2).
   rC:        It protects you from cold.
   rPois:     It protects you from poison.
   SInv:      It lets you see invisible.
 P - a ring of resist corrosion
 Q - an amulet of regeneration (around neck)
 V - the ring of Yzxedoh {AC+4 Str+4 Int-3 Stlth+}
   (You took it off a minotaur in a Gauntlet)

   [ring of protection]

   AC:        It affects your AC (+4).
   Str:       It affects your strength (+4).
   Int:       It affects your intelligence (-3).
   Stlth:     It makes you more stealthy.
 W - the ring of Luifo {Ice rN++ Slay-2}
   (You found it in a Gauntlet)

   [ring of ice]

   It enhances your ice magic.
   Slay:      It affects your accuracy & damage with ranged weapons and melee
   (-2).
   rF:        It makes you vulnerable to fire.
   rC:        It protects you from cold.
   rN:        It greatly protects you from negative energy.
 Z - a +4 ring of slaying (right hand)
Wands
 a - a wand of charming (12)
 j - a wand of roots (31)
 y - a wand of polymorph (18)
 D - a wand of flame (17)
 S - a wand of acid (12)
Scrolls
 e - 8 scrolls of enchant armour
 g - 10 scrolls of immolation
 l - 2 scrolls of enchant weapon
 o - 5 scrolls of teleportation
 r - a scroll of torment
 x - 7 scrolls of summoning
 B - 4 scrolls of fear
 F - 2 scrolls of fog
 G - a scroll of brand weapon
 I - 19 scrolls of identify
 K - 2 scrolls of blinking
 Y - 2 scrolls of poison
Potions
 b - 6 potions of mutation
 c - 5 potions of invisibility
 d - 2 potions of attraction
 h - 4 potions of magic
 i - 4 potions of cancellation
 k - 7 potions of haste
 p - 15 potions of curing
 q - 13 potions of ambrosia
 s - 6 potions of flight
 u - 2 potions of berserk rage
 H - a potion of resistance
 N - 12 potions of heal wounds
 U - a potion of might


   Skills:
 + Level 21.2 Fighting
 + Level 18.5 Axes
 + Level 21.9 Armour
 + Level 19.5 Dodging
 - Level 8.8 Shields
 - Level 5.6 Evocations


You had 18 spell levels left.
You didn't know any spells.
Your spell library was empty.

Dungeon Overview and Level Annotations

Branches:
Dungeon (15/15)            Temple (0/1) D:6            Lair (5/5) D:8
 Shoals (3/4) Lair:3       Spider (3/4) Lair:3        Slime (0/5) Lair:4
    Orc (2/2) D:12            Elf (1/3) Orc:2        Vaults (0/5) D:14
 Depths (0/4) D:15         Bailey (visited)           IceCv (visited)
Gauntlet (visited)

Altars:
Ashenzari
Elyvilon
Okawaru
Ru
Sif Muna
Trog
Uskayaw
Vehumet
Xom
Yredelemnul
Jiyva

Shops:
D:1 (!(   D:4 (   D:5 !   D:8 =   D:10 !   D:11 (   Orc:2 (*=![

Portals:
Pandemonium: Orc:2

Annotations:
D:9 3 runed translucent doors
Lair:4 exclusion: 4 oklob plants
Lair:5 1 runed translucent door, AigisTheKnight's ghost, journeyman GrEE


Innate Abilities, Weirdness & Mutations

You have a pair of horns on your head.
You reflexively headbutt those who attack you in melee.
You have a somewhat thin skeletal structure. (Dex +2, Stealth+)


Message History

You slice the fire elemental!!
You destroy the fire elemental!
The fire elemental disappears in a puff of smoke!
You closely miss the fire elemental. The fire elemental hits you.
The fire elemental burns you!
* * * LOW HITPOINT WARNING * * *
The deep elf pyromancer gestures wildly while chanting.
Unknown command.
You slice the fire elemental!! You headbutt the fire elemental!
You destroy the fire elemental!
The fire elemental disappears in a puff of smoke!
Unknown command.
Unknown command.
You miss the deep elf pyromancer.
Your headbutt misses the deep elf pyromancer.
The deep elf pyromancer casts a spell.
The deep elf pyromancer blinks!
Unknown command.
Items here: )) [ †.
Unknown command.
Unknown command.
You barely miss the deep elf pyromancer.
You completely miss the fire elemental. The fire elemental hits you.
The fire elemental burns you!
* * * LOW HITPOINT WARNING * * *
The deep elf archer shoots an arrow.
The arrow hits you!
* * * LOW HITPOINT WARNING * * *
The fire elemental hits you. The fire elemental burns you!
* * * LOW HITPOINT WARNING * * *
The deep elf pyromancer points at you and mumbles some strange words.
The sticky flame hits you.
You are covered in liquid flames!
* * * LOW HITPOINT WARNING * * *
Unknown command.
Unknown command.
Blink to where?
Press: ? - help, Dir - move target
As you read the scroll of blinking, it crumbles to dust.
You are covered in liquid flames!
You die...

####...####
##.........##
##...........#
##........... #...#
#...# . ### #...# #)).#
.. ..##
##...###...###...
...#####......e)).......
....##.'...))§.)@)......
.....'e#...)E...))......
.....####...###...###...
....☼# #°..# #...# ..
...○.## #...# #...# ?
......# ##..........
......# ##..........
>.....+ ##.........#
......+ ###...####


You could see a deep elf pyromancer and a fire elemental (summoned).

Vanquished Creatures
  Mara (Shoals:3)
  Arachne (Spider:3)
  Mlioglotl (Spider:1)
  Asterion (Spider:3)
  Gastronok (Lair:3)
  A kraken (Shoals:1)
  2 frost giants
  3 ghost moths
  4 emperor scorpions
  A cacodemon (Gauntlet)
  An orc warlord (Orc:1)
  A broodmother (Spider:2)
  Azrael (Spider:3)
  A spark wasp (Spider:3)
  Snorg (D:11)
  A minotaur (Gauntlet)
  Josephine (D:10)
  3 ettins
  2 merfolk impalers (Shoals:2)
  A green death (Gauntlet)
  A fire dragon (D:15)
  3 hydras
  Harold (Orc:1)
  5 entropy weavers
  An ogre mage (D:14)
  A radroach (Spider:2)
  An ice dragon (D:15)
  A jorogumo (Spider:1)
  6 boulder beetles
  3 merfolk avatars (Shoals:2)
  3 catoblepae
  8 centaur warriors
  2 demonspawn (Orc:2)
  Erica (Orc:1)
  4 dancing weapons (Elf:1)
  2 satyrs
  9 two-headed ogres
  6 orc high priests (Orc:2)
  13 death yaks
  4 deep elf knights (Elf:1)
  A soul eater (Orc:2)
  11 slime creatures
  A goliath frog (Lair:4)
  4 sun moths
  7 pharaoh ants
  4 sea snakes
  5 steelbarb worms
  11 orb spiders
  9 harpies
  6 orc knights
  A deep elf archer (D:14)
  12 deep elf pyromancers
  11 ugly things
  8 deep elf zephyrmancers
  A harpy (shapeshifter) (D:15)
  5 orc sorcerers (Orc:2)
  8 fauns
  10 manticores
  11 wolf spiders
  An elephant (shapeshifter) (D:13)
  7 centaur zombies (D:10)
  5 elephants (Lair:5)
  22 cyclopes
  4 black mambas
  An ice statue (IceCv)
  3 merfolk sirens
  An orange demon (Orc:2)
  3 water nymphs
  A gargoyle (D:12)
  Psyche (D:11)
  11 rime drakes
  26 cane toads
  A minotaur zombie (Gauntlet)
  2 unseen horror zombies (D:10)
  An unseen horror (shapeshifter) (D:15)
  A kobold demonologist (D:14)
  2 unseen horrors
  10 torpor snails
  13 komodo dragons
  2 tengu conjurers
  2 efreet (D:13)
  14 demonic crawlers
  9 trolls
  11 merfolk
  6 meliai
  A queen bee (D:9)
  3 wind drakes
  5 polar bears
  3 tyrant leeches (Lair:5)
  A hornet (D:9)
  31 blink frogs
  11 dream sheep
  30 tarantellas
  7 snapping turtles
  Grinder (D:3)
  A meliai zombie (D:10)
  2 vampires (D:12)
  6 wraiths
  30 jumping spiders
  4 water elementals
  19 culicivoras
  An air elemental (Elf:1)
  75 yaks
  3 shadows
  A human (shapeshifter) (Elf:1)
  2 wyverns
  6 steam dragons
  Grum (D:11)
  7 basilisks
  4 fire elementals
  5 neqoxecs
  Menkaure (D:6)
  37 redbacks
  10 vampire mosquitoes
  5 wargs
  14 water moccasins
  2 acid dragons
  2 hell hounds (Spider:3)
  2 black bears
  47 orc warriors
  3 ice beasts
  A sky beast (D:8)
  16 ogres
  19 wolves
  11 centaurs
  3 phantoms
  5 kobold brigands
  13 bullfrogs
  4 gnoll sergeants
  6 scorpions
  30 killer bees (D:9)
  2 howler monkeys
  13 electric eels
  4 hounds
  A gnoll bouda (D:6)
  28 orc priests
  3 jellies
  4 iguanas
  Terence (D:3)
  12 orc wizards
  A howler monkey zombie (D:10)
  25 gnolls
  3 adders
  2 river rats
  An ufetubus (D:6)
  2 worms
  3 dart slugs
  105 orcs
  6 ball pythons
  5 bats
  7 endoplasms
  2 giant cockroaches
  11 goblins
  5 hobgoblins
  7 jackals (D:3)
  2 quokkas
  4 frilled lizards
  7 kobolds
  6 rats
  3 tentacles (Shoals:1)
1156 creatures vanquished.

Vanquished Creatures (collateral kills)
  3 hydras
  A torpor snail (Lair:4)
  A polar bear (Lair:4)
  5 yaks (Lair:3)
10 creatures vanquished.

Vanquished Creatures (others)
  A ghost moth (Spider:2)
  A hydra (Lair:4)
  A deep elf pyromancer (Elf:1)
  A wolf spider (Spider:3)
  44 fungi
  154 plants
  5 tentacles (Shoals:1)
207 creatures vanquished.

Grand Total: 1373 creatures vanquished

Notes
Turn   | Place    | Note
-------+----------+-------------------------------------------
     0 | D:1      | cforsyth the Minotaur Berserker began the quest for the
                  | Orb.
     0 | D:1      | Reached XP level 1. HP: 19/19 MP: 0/0
   253 | D:1      | Found Kamu's Weapon Shop.
   317 | D:1      | Reached XP level 2. HP: 23/27 MP: 1/1
   407 | D:1      | Found Zaprosuo's Weapon Shoppe.
   441 | D:1      | Found Vutudgh's Distillery.
  1037 | D:2      | Reached XP level 3. HP: 29/33 MP: 2/2
  1351 | D:2      | Reached ** piety under Trog
  1713 | D:3      | Noticed Terence
  1724 | D:3      | Killed Terence
  1725 | D:3      | Reached XP level 4. HP: 21/40 MP: 3/3
  1852 | D:3      | Noticed Grinder
  1862 | D:3      | Paralysed by Grinder for 2 turns
  1868 | D:3      | Killed Grinder
  1869 | D:3      | Reached skill level 5 in Fighting
  1869 | D:3      | Reached skill level 5 in Axes
  1869 | D:3      | Reached XP level 5. HP: 44/48 MP: 4/4
  1869 | D:3      | Reached XP level 6. HP: 51/56 MP: 5/5
  2600 | D:4      | Found a hide-covered altar of Uskayaw.
  2898 | D:4      | Found Haowkuq's Antique Weapon Boutique.
  3019 | D:4      | Reached skill level 5 in Armour
  3379 | D:5      | Entered Level 5 of the Dungeon
  3388 | D:5      | Reached XP level 7. HP: 61/61 MP: 6/6
  3601 | D:5      | Reached skill level 5 in Dodging
  3738 | D:5      | Found a radiant altar of Vehumet.
  3825 | D:5      | Found Naykepne's Distillery.
  3850 | D:5      | Reached *** piety under Trog
  3967 | D:5      | Reached XP level 8. HP: 71/71 MP: 7/7
  5008 | D:6      | Noticed Menkaure
  5029 | D:6      | Killed Menkaure
  5065 | D:6      | Found a sacrificial altar of Ru.
  5089 | D:6      | Reached XP level 9. HP: 81/81 MP: 8/8
  5351 | D:6      | Found a staircase to the Ecumenical Temple.
  6114 | D:7      | Found a shimmering blue altar of Sif Muna.
  6846 | D:8      | Found Daiwk's Jewellery Emporium.
  6851 | D:8      | Identified a scroll of acquirement
  6851 | D:8      | Acquired the +1 pair of gloves "Cumuoptosu" {rN+ Will+
                  | rCorr}
  6861 | D:8      | Noticed a two-headed ogre
  6877 | D:7      | Killed a two-headed ogre
  6962 | D:8      | Reached **** piety under Trog
  6982 | D:8      | Found a flagged portal.
  6991 | Bailey   | Entered a bailey
  7197 | Bailey   | Reached XP level 10. HP: 91/91 MP: 9/9
  7495 | Bailey   | Noticed an orc knight
  7513 | Bailey   | Killed an orc knight
  7586 | Bailey   | Noticed an orc knight
  7605 | Bailey   | Killed an orc knight
  7606 | Bailey   | Reached skill level 10 in Fighting
  7606 | Bailey   | Reached skill level 10 in Axes
  7835 | D:8      | Found a broken altar of Ashenzari.
  7836 | D:8      | Found an iron altar of Okawaru.
  7837 | D:8      | Found a bloodstained altar of Trog.
  7851 | D:8      | Reached skill level 10 in Armour
  8012 | D:8      | Acquired a manual of Axes
  8401 | D:8      | Found a staircase to the Lair.
  8550 | D:8      | Noticed a boulder beetle
  8945 | D:9      | Reached XP level 11. HP: 76/101 MP: 10/10
  9038 | D:9      | Found a runed translucent gate.
  9039 | D:9      | Found a runed translucent gate.
  9039 | D:9      | Found a runed translucent gate.
  9039 | D:9      | Noticed a purple ugly thing
  9039 | D:9      | Noticed a brown ugly thing
  9040 | D:9      | Noticed a purple ugly thing
  9040 | D:9      | Noticed a green ugly thing
  9041 | D:9      | Noticed a green ugly thing
  9141 | D:9      | Reached ***** piety under Trog
  9220 | D:9      | Reached skill level 10 in Dodging
  9675 | D:9      | Found a shimmering altar of Xom.
  9741 | D:9      | Paralysed by a hornet for 2 turns
 10535 | Lair:1   | Entered Level 1 of the Lair of Beasts
 11899 | D:8      | Reached XP level 12. HP: 106/112 MP: 11/11
 12311 | Lair:1   | Noticed a catoblepas
 12330 | Lair:1   | Killed a catoblepas
 13115 | Lair:2   | Received a gift from Trog
 13723 | Lair:3   | Noticed Gastronok
 13735 | Lair:2   | Reached skill level 1 in Shields
 14136 | Lair:3   | Reached skill level 15 in Axes
 14405 | Lair:3   | Reached skill level 1 in Evocations
 14631 | Lair:3   | Killed Gastronok
 14791 | Lair:3   | Found a staircase to the Shoals.
 14859 | Lair:3   | Identified the +0 leather armour of Huewoleu {Str+2 Stlth+}
 14859 | Lair:3   | Noticed a four-headed hydra
 14866 | Lair:3   | Killed a five-headed hydra
 14867 | Lair:3   | Reached XP level 13. HP: 122/122 MP: 12/12
 14891 | Lair:3   | Identified the +1 ring mail of Cohud {-Cast rF+ Str+5}
 15133 | Lair:3   | Found a hole to the Spider Nest.
 16314 | Lair:4   | Found a staircase to the Slime Pits.
 16314 | Lair:4   | Found a viscous altar of Jiyva.
 16675 | Lair:4   | Found a runed translucent door.
 16856 | Lair:4   | Reached skill level 5 in Shields
 17002 | Lair:5   | Entered Level 5 of the Lair of Beasts
 17785 | Lair:4   | HP: 6/124 [poisoned by a cane toad]
 20117 | Lair:5   | Reached skill level 5 in Evocations
 20260 | Lair:5   | Reached XP level 14. HP: 121/133 MP: 13/13
 20271 | Lair:5   | Received a gift from Trog
 20350 | Lair:5   | Reached skill level 15 in Fighting
 20650 | Lair:5   | Found a runed translucent door.
 20740 | Lair:5   | Reached skill level 15 in Armour
 20788 | Lair:5   | Found a shimmering altar of Xom.
 20788 | Lair:5   | Noticed AigisTheKnight's ghost (journeyman GrEE)
 21166 | Lair:5   | Identified the +8 ice dragon scales of Dim Light {rF- rC++
                  | Int+4 Slay+3}
 21701 | D:10     | Entered Level 10 of the Dungeon
 21701 | D:10     | Found Saekogy's Distillery.
 21707 | D:10     | Bought a potion of heal wounds for 85 gold pieces
 21768 | D:10     | Found a basalt altar of Yredelemnul.
 21775 | D:10     | Noticed Josephine
 21782 | D:10     | Killed Josephine
 21984 | D:10     | Received a gift from Trog
 22401 | D:10     | Found a white marble altar of Elyvilon.
 22555 | D:11     | Found a frozen archway.
 22575 | IceCv    | Entered an ice cave
 22815 | IceCv    | Noticed a frost giant
 22831 | IceCv    | Killed a frost giant
 23117 | IceCv    | Reached skill level 15 in Dodging
 23117 | IceCv    | Reached XP level 15. HP: 145/145 MP: 14/14
 23291 | D:11     | Noticed Grum
 23309 | D:11     | Killed Grum
 23328 | D:11     | Noticed Psyche
 23335 | D:11     | Killed Psyche
 23450 | D:11     | Reached XP level 16. HP: 152/152 MP: 15/15
 23620 | D:11     | Noticed Snorg
 23637 | D:11     | Killed Snorg
 23859 | D:11     | Found Deuholl's Weapon Emporium.
 24009 | D:12     | Received a gift from Trog
 24072 | D:12     | Found a gate leading to a gauntlet.
 24091 | Gauntlet | Entered a Gauntlet
 24091 | Gauntlet | Found a transporter.
 24094 | Gauntlet | Found a transporter.
 24112 | Gauntlet | Found a transporter.
 24114 | Gauntlet | Found a transporter.
 24119 | Gauntlet | Found a runed translucent door.
 24124 | Gauntlet | Found a transporter.
 24144 | Gauntlet | Found a transporter.
 24147 | Gauntlet | Found a transporter.
 24151 | Gauntlet | Found a transporter.
 24181 | Gauntlet | Found a transporter.
 24195 | Gauntlet | Found a transporter.
 24199 | Gauntlet | Found a transporter.
 24208 | Gauntlet | Found a transporter.
 24296 | Gauntlet | Identified the +0 cloak "Burutz" {rN++}
 24332 | Gauntlet | HP: 7/155 [poison (poison gas)]
 24454 | Gauntlet | Identified the ring of Wuopeq {rPois rC+ Int+4 Dex-2 SInv}
 24485 | Gauntlet | Identified the ring of Yzxedoh {AC+4 Str+4 Int-3 Stlth+}
 24565 | Gauntlet | Identified the ring of Luifo {Ice rN++ Slay-2}
 24869 | D:12     | Found a staircase to the Orcish Mines.
 25960 | D:13     | Received a gift from Trog
 26099 | Orc:1    | Entered Level 1 of the Orcish Mines
 26141 | Orc:1    | Reached ****** piety under Trog
 26249 | Orc:1    | Noticed Erica
 26262 | Orc:1    | Killed Erica
 26268 | Orc:1    | Noticed Harold
 26283 | Orc:1    | Killed Harold
 26475 | Orc:2    | Entered Level 2 of the Orcish Mines
 26657 | Orc:2    | Found a staircase to the Elven Halls.
 26931 | Orc:2    | Found Fobbuhuxea's General Store.
 26932 | Orc:2    | Found Baqomy's Distillery.
 27177 | Orc:2    | Received a gift from Trog
 27320 | Orc:2    | Found Gyshokitz's Armour Boutique.
 27739 | Orc:2    | Gained mutation: You sometimes lose your temper in combat.
                  | [a neqoxec]
 27891 | Orc:2    | Gained mutation: You are clumsy. (Dex -2) [a neqoxec]
 27902 | Orc:2    | Gained mutation: You do not regenerate when monsters are
                  | visible. [a neqoxec]
 28256 | Orc:2    | Found Peoss's Antique Weapon Shop.
 28256 | Orc:2    | Found Furuc's Jewellery Boutique.
 28257 | Orc:2    | Found a one-way gate leading to the halls of Pandemonium.
 28262 | Orc:2    | Lost mutation: You sometimes lose your temper in combat.
                  | [potion of mutation]
 28262 | Orc:2    | Lost mutation: You are clumsy. (Dex -2) [potion of
                  | mutation]
 28262 | Orc:2    | Gained mutation: You occasionally lose the ability to drink
                  | potions when taking damage. [potion of mutation]
 28262 | Orc:2    | Gained mutation: Your body sometimes deteriorates upon
                  | taking damage. [potion of mutation]
 28262 | Orc:2    | Gained mutation: You have a somewhat thin skeletal
                  | structure. (Dex +2, Stealth+) [potion of mutation]
 28263 | Orc:2    | Lost mutation: You occasionally lose the ability to drink
                  | potions when taking damage. [potion of mutation]
 28263 | Orc:2    | Lost mutation: Your body sometimes deteriorates upon taking
                  | damage. [potion of mutation]
 28263 | Orc:2    | Lost mutation: You do not regenerate when monsters are
                  | visible. [potion of mutation]
 28559 | D:14     | Identified the +7 short sword of Zoywkov {vamp, +Blink}
 28662 | D:14     | Received a gift from Trog
 28754 | D:14     | Reached XP level 17. HP: 166/166 MP: 16/16
 28816 | D:14     | Found the +8 whip "Snakebite" {venom, curare, rPois}
 28819 | D:14     | Identified the +4 chain mail "Weod Ynk" {Str-2 Int+3 Dex+4}
 28835 | D:14     | Identified the +1 demon trident "Cyewn" {flame, Int+3 SInv
                  | Stlth+}
 28837 | D:14     | Identified the +4 flail of Muqirhea {vamp, rElec rN+}
 28843 | D:14     | Identified the +4 sling "Wacvidoy" {speed, rPois Int+3}
 29557 | D:14     | Found a gate to the Vaults.
 29809 | D:15     | Entered Level 15 of the Dungeon
 30113 | D:15     | Found a staircase to the Depths.
 30294 | D:15     | Identified the +7 battleaxe "Killer Klown's Doom"
                  | {antimagic, rF+ rCorr} (Trog gifted it to you on level 15
                  | of the Dungeon)
 30294 | D:15     | Received a gift from Trog
 30650 | Spider:1 | Entered Level 1 of the Spider Nest
 31050 | Spider:1 | Noticed Mlioglotl
 31074 | Spider:1 | Killed Mlioglotl
 31976 | Spider:1 | Identified the +1 scale mail "Eluemoit" {Regen+}
 32549 | Spider:2 | Received a gift from Trog
 32751 | Spider:2 | Reached XP level 18. HP: 148/178 MP: 0/17
 32769 | Spider:2 | HP: 8/178 [pharaoh ant (34)]
 33524 | Spider:3 | Noticed Azrael
 33534 | Spider:3 | Killed Azrael
 33539 | Spider:3 | Noticed Asterion
 33553 | Spider:3 | Killed Asterion
 33867 | Spider:3 | Noticed Arachne
 33893 | Spider:3 | Killed Arachne
 34003 | Spider:3 | Received a gift from Trog
 34671 | Shoals:1 | Entered Level 1 of the Shoals
 34726 | Shoals:1 | Identified the +0 pair of gloves of the Little Devil {Harm
                  | rElec Regen+ Str-2}
 35914 | Shoals:2 | Received a gift from Trog
 36986 | Shoals:3 | Noticed Mara
 36998 | Shoals:3 | Killed Mara
 37509 | Elf:1    | Entered Level 1 of the Elven Halls
 37631 | Elf:1    | Identified the +13 double sword of Articulation {vorpal,
                  | Fly rCorr Int-3} (Trog gifted it to you on level 1 of the
                  | Elven Halls)
 37631 | Elf:1    | Received a gift from Trog
 37633 | Elf:1    | Reached XP level 19. HP: 189/189 MP: 18/18
 37638 | Elf:1    | Paralysed by an air elemental for 1 turns
 37704 | Elf:1    | HP: 7/189 [deep elf pyromancer/sticky flame (5)]
 37705 | Elf:1    | Incinerated by a deep elf pyromancer

Illustrated notes

Levels and vault maps discovered:
D:1:      kilobyte_arrival_exit_the_forest, layout_rooms, serial_shops,
          nicolae_shop_statue_plus, nicolae_shop_hallway_plus, shop,
          minmay_misc_feat_square, minmay_tree_intersection
D:2:      layout_loops_corners, nicolae_kite_square_tiling_tiny,
          chequers_serial_rivers_micro_e
D:3:      layout_loops_ring, serial_forest, infiniplex_forest_end_1,
          infiniplex_forest_clump_tiny, infiniplex_forest_split,
          infiniplex_forest_corner_1, infiniplex_forest_clump_large,
          minmay_misc_feat_plants, dk_noncrumbling_4, uniq_terence, uniq_grinder
D:4:      layout_loops_ring, amcnicky_altar_gilded, nicolae_stop_n_shop_2
D:5:      nicolae_cairo_tiling_large, layout_basic, kennysheep_mini,
          serial_shops, shop_statue
D:6:      layout_basic, mainiacjoe_overflow_surrounded_room,
          minmay_temple_entry_metal_lava, kennysheep_generic_room_3,
          uniq_menkaure
D:7:      layout_basic, mainiacjoe_overflow_six_doors_small, patterned_corridor
D:8:      cheibrodos_two_vegetables, layout_basic,
          gammafunk_temple_overflow_forgotten, david_lair_shrubbed,
          enter_bailey_5, hellmonk_bongcloud_opening,
          minmay_shop_enchanted_jewellery
D:9:      layout_roguey [special_room_bee], lemuel_tele_altar,
          ploomutoo_gammafunk_ghost_potion_laboratory, minmay_misc_feat_alley,
          dk_noncrumbling_3, glass_columns_b
D:10:     layout_cave_pools, mainiacjoe_overflow_alcove_2,
          nicolae_yredelemnul_corpse_copse, serial_shops, shop_fountains,
          small_statue_intersection, uniq_josephine
D:11:     layout_stronghold, serial_shops, nicolae_shop_bloodbath_and_beyond,
          portal_ice_cave_rime, minmay_misc_feat_tower, uniq_snorg, uniq_psyche,
          uniq_grum
D:12:     layout_roguey, erik_orc_4, gauntlet_entry_generic, special_room
          [special_room_orc], chequers_serial_rivers_large_b,
          mrwooster_statue_mirror
D:13:     layout_basic
D:14:     giant_chief_lemuel, layout_irregular_city,
          hangedman_vaults_entry_quadrant_bands, minmay_misc_feat_ornament
D:15:     grunt_enter_depths_hoard, layout_rooms, chequers_serial_rivers_micro_c
Lair:1:   layout_cave_pods, pond, infiniplex_staircase_pool,
          serial_bayou_shore_b, grunt_megastairs_5, lemuel_fruit_fields,
          lemuel_fruit_fields
Lair:2:   layout_long_grid
Lair:3:   layout_long_grid, elwin_shoals_entry_stream,
          spider_nest_entry_funnel_web, uniq_gastronok
Lair:4:   layout_gridlike, minmay_slime_entry_oklob_open, pf_torpor_hydra
Lair:5:   minmay_lair_end_frog_pond, layout_loops_ring, ebering_ghost_xom
Shoals:1: layout_shoals
Shoals:2: layout_shoals
Shoals:3: layout_shoals, nicolae_shoals_drake_roost, uniq_mara
Spider:1: layout_spider_delve, nicolae_spider_webs_and_nodes,
          nicolae_spider_wall_of_niches, uniq_mlioglotl
Spider:2: layout_spider_delve, nicolae_spider_some_kinda_spiderbox
Spider:3: layout_spider_delve, worms_lemuel, uniq_arachne, uniq_azrael,
          uniq_asterion
Orc:1:    layout_diamond_mine, uniq_erica, uniq_harold
Orc:2:    pf_orc_diabolical, layout_caves, serial_shops, shop, mines2_lemuel
Elf:1:    minmay_elf_arrival_circle, layout_gridlike, minivault_28

Skill      XL: |  1  2  3  4  5  6  7  8  9 10 11 12 13 14 15 16 17 18 |
---------------+-------------------------------------------------------+-----
Axes           | 4 5 6 7 9 11 13 15 17 18 | 18.5
Fighting       | 4 5 6 7 9 10 12 13 14 16 18 20 21 | 21.2
Armour         | 3 4 5 6 7 9 10 12 13 14 16 18 19 21 | 21.9
Dodging        | 3 4 5 6 8 9 11 12 13 15 17 18 19 | 19.5
Shields        | 3 5 6 8 |  8.8
Evocations     | 2 5 |  5.6

Action                   |  1- 3 |  4- 6 |  7- 9 | 10-12 | 13-15 | 16-18 | 19-21 || total
-------------------------+-------+-------+-------+-------+-------+-------+-------++-------
Melee: Hand axe          |    83 |    96 |   244 |       |       |       |       ||   423
       Headbutt          |     8 |    15 |    45 |   105 |   179 |   418 |     4 ||   774
       War axe           |       |       |    36 |   543 |   662 |   641 |       ||  1882
       Punch             |       |       |     2 |     5 |       |       |       ||     7
       Broad axe         |       |       |       |       |       |   881 |       ||   881
       Executioner's axe |       |       |       |       |       |   112 |    34 ||   146
Invok: Berserk           |     1 |     1 |     8 |     8 |     3 |     4 |       ||    25
       Trog's Hand       |       |       |       |     2 |       |     6 |       ||     8
       Brothers in Arms  |       |       |       |     1 |     2 |       |       ||     3
Evoke: Wand              |       |       |       |     4 |     7 |     1 |       ||    12
  Use: Scroll            |       |       |     7 |    17 |     3 |    18 |     1 ||    46
       Potion            |       |       |       |       |     1 |     2 |       ||     3
Armor: Animal skin       |     2 |       |       |       |       |       |       ||     2
       Chain mail        |    29 |    53 |   176 |   317 |   339 |       |       ||   914
       Ice dragon scales |       |       |       |       |    42 |    31 |       ||    73
       Plate armour      |       |       |       |       |     3 |   955 |    28 ||   986
Dodge: Dodged            |    39 |    47 |   143 |   319 |   404 |   977 |    23 ||  1952
Block: Buckler           |       |       |       |    12 |   204 |   369 |       ||   585
       Reflection        |       |       |       |       |     1 |     1 |       ||     2

Table legend: (Time is in decaauts)
 A = Elapsed time spent in this place.
 B = Non-inter-level travel time spent in this place.
 C = Inter-level travel time spent in this place.
 D = Time resting spent in this place.
 E = Time spent auto-exploring this place.
 F = Levels seen in this place.
 G = Mean time per level.
                   A        B        C        D        E       F      G
               +--------+--------+--------+--------+--------+-----+--------+
         Total |  37906 |  34979 |   2927 |   5811 |  21686 |  32 | 1184.6 |
       Dungeon |  17442 |  16119 |   1323 |   2029 |  11337 |  15 | 1162.8 |
          Lair |   9619 |   8567 |   1052 |   2270 |   4865 |   5 | 1923.8 |
        Shoals |   2669 |   2529 |    140 |    264 |   1606 |   3 |  889.7 |
   Spider Nest |   3524 |   3294 |    230 |    343 |   2012 |   3 | 1174.7 |
  Orcish Mines |   2260 |   2081 |    179 |    443 |    912 |   2 | 1130.0 |
   Elven Halls |    194 |    194 |      0 |      0 |     94 |   1 |  194.0 |
        Bailey |    847 |    847 |      0 |    100 |    439 |   1 |  847.0 |
      Ice Cave |    664 |    664 |      0 |      0 |    393 |   1 |  664.0 |
      Gauntlet |    684 |    684 |      0 |    361 |     26 |   1 |  684.0 |
               +--------+--------+--------+--------+--------+-----+--------+

Top non-repeatable levels by time:
  Lair:4: 3582 daAuts
     D:8: 3180 daAuts
     D:9: 1950 daAuts
  Lair:3: 1890 daAuts
   Orc:2: 1728 daAuts
Spider:2: 1717 daAuts
  Lair:5: 1587 daAuts
    D:14: 1395 daAuts
  Lair:2: 1369 daAuts
     D:5: 1348 daAuts
     D:6: 1335 daAuts
Shoals:2: 1231 daAuts
  Lair:1: 1189 daAuts
     D:2: 971 daAuts
Spider:1: 967 daAuts
